 Dungeon Crawl Stone Soup version 0.22-a0-443-g17c3723 (webtiles) character file.

4065 Borgoz the Covered (level 10, -7/83 (84) HPs)
             Began as a Ghoul Fighter on May 31, 2018.
             Was a Priest of Kikubaaqudgha.
             Mangled by a two-headed ogre
             ... wielding a +0 giant club
              (22 damage)
             ... on level 8 of the Dungeon.
             The game lasted 00:15:49 (7318 turns).

Borgoz the Covered (Ghoul Fighter)                  Turns: 7318, Time: 00:15:50

HP:   -7/83 (84)    AC: 10    Str: 21    XL:     10   Next: 25%
MP:   9/9           EV: 11    Int:  3    God:    Kikubaaqudgha [***...]
Gold: 225           SH: 10    Dex: 11    Spells: 9/9 levels left

rFire    . . .     SeeInvis .     - Unarmed
rCold    + . .     Gourm    .   b - +0 shield
rNeg     + + +     Faith    .   a - +1 scale mail
rPois    ∞         Spirit   .   i - +0 helmet
rElec    .         Reflect  .   (no cloak)
rCorr    +         Harm     .   (no gloves)
MR       +....                  (no boots)
Stlth    ..........             (no amulet)
HPRegen  0.00/turn              n - ring of resist corrosion
MPRegen  0.11/turn              A - ring of protection from magic

@: rotting
A: rotting body, claws 1, carnivore, cold resistance 1, negative energy
resistance 3, inhibited regeneration, torment resistance, unbreathing
a: Receive Corpses, Renounce Religion


You were on level 8 of the Dungeon.
You worshipped Kikubaaqudgha.
Kikubaaqudgha was most pleased with you.
You were not hungry.

You visited 2 branches of the dungeon, and saw 9 of its levels.
You also visited: Ossuary.

You collected 375 gold pieces.
You spent 150 gold pieces at shops.

Inventory:

Armour
 a - a +1 scale mail (worn)
 b - a +0 shield (worn)
 i - a +0 helmet (worn)
 G - a +2 large shield
Jewellery
 n - a ring of resist corrosion (left claw)
 A - a ring of protection from magic (right claw)
 E - an uncursed ring of ice
Wands
 u - a wand of flame (19)
 y - a wand of iceblast (7)
Scrolls
 g - 4 scrolls of remove curse
 j - a scroll of enchant armour
 k - 3 scrolls of blinking {unknown}
 l - 4 scrolls of teleportation
 o - a scroll of immolation {unknown}
 p - 4 scrolls of magic mapping {unknown}
 r - a scroll of identify
 t - a scroll of enchant weapon {unknown}
 C - a scroll of brand weapon {unknown}
 D - a scroll of fear {unknown}
Potions
 c - 5 potions of might
 e - 3 potions of flight
 h - 3 potions of brilliance
 m - a potion of berserk rage {unknown}
 q - 2 potions of curing
 s - a potion of haste {unknown}
 x - a potion of degeneration {unknown}
 z - 2 potions of magic
 B - 2 potions of resistance
 F - 2 potions of agility {unknown}
Comestibles
 d - 15 rations


   Skills:
 + Level 6.8 Fighting
 * Level 7.6 Armour
 * Level 7.0 Dodging
 + Level 5.7 Shields
 + Level 6.4 Unarmed Combat


You had 9 spell levels left.
You didn't know any spells.
Your spell library contained the following spells:

 Spells                   Type           Power        Failure   Level  Hunger
 Animate Dead             Necr           N/A          100%        4    #####..
 Pain                     Necr           #...         99%         1    ##.....
 Animate Skeleton         Necr           N/A          99%         1    ##.....
 Vampiric Draining        Necr           #.........   100%        3    ####...
 Dispel Undead            Necr           #.......     100%        5    ######.
 Corpse Rot               Necr           N/A          100%        2    ###....
 Death Channel            Necr           #.........   100%        6    #######
 Excruciating Wounds      Chrm/Necr      #.........   100%        5    ######.
 Borgnjor's Vile Clutch   Necr/Erth      #.........   100%        5    ######.


Dungeon Overview and Level Annotations

Branches:
Dungeon (8/15)             Temple (1/1) D:4
   Lair: D:8-11

Altars:
Ashenzari
Cheibriados
Dithmenos
Fedhas
Gozag
Hepliaklqana
Kikubaaqudgha
Makhleb
Okawaru
Qazlal
Ru
Sif Muna
Trog
Uskayaw
Vehumet
Xom
Yredelemnul
Zin
The Shining One

Shops:
D:4 ?   D:5 *


Innate Abilities, Weirdness & Mutations

Your body is rotting away.
You thrive on raw meat.
You are immune to poison.
You have sharp fingernails.
You are carnivorous and can eat meat at any time.
Your flesh is cold resistant. (rC+)
You are immune to negative energy. (rN+++)
You do not regenerate when monsters are visible.
You are immune to unholy pain and torment.
You can survive without breathing.


Message History

Aiming: Corrosive Bolt
Press: ? - help, Shift-Dir - straight line, f/p - two-headed ogre
Aim: a two-headed ogre, wielding two giant clubs (moderately wounded, covered in acid)
The bolt of acid hits the two-headed ogre.
The two-headed ogre is splashed with acid.
The acid corrodes the two-headed ogre!
The two-headed ogre is severely wounded.
You see here a flail.
The two-headed ogre is no longer covered in acid.
Evoke which item? (* to show all) (? for menu, Esc to quit)
Aiming: Corrosive Bolt
Press: ? - help, Shift-Dir - straight line, f/p - two-headed ogre
Aim: a two-headed ogre, wielding two giant clubs (heavily wounded)
The bolt of acid misses the two-headed ogre.
The now-empty wand crumbles to dust.
The two-headed ogre hits you with a giant club!
* * * LOW HITPOINT WARNING * * *
The two-headed ogre hits you with a giant club!!
You die...
Kikubaaqudgha rasps: "You have failed me!
Welcome... oblivion!"

#........#
#.###..############.#
###.####.#
#.##.........<......#
#.####.#
#.##.##############.#
#.##...# #.##.# #.#
#.##.### #.##.# #..
#.##.# #.##.# ###
###.##.### #.##.#
.##.##.#.## #.##.#
.##.......###.##@#
..........##.|##O#
.#####.#..##.###.# .#
#.#).##)# #.# >#
#.#..##)# #.#
.#####.#..##.# #.#
#.....#...##.# #)#
....##.#..##.# #.#
....####..##.# #.#


You could see a two-headed ogre.

Vanquished Creatures
  A two-headed ogre (D:4)
  The ghost of azzavlup the Cleaver, a novice DsAK of Lugonu (D:7)
  A hungry ghost (D:8)
  A water moccasin (D:8)
  An ice beast (D:6)
  An orc warrior (D:7)
  An eye of draining (D:3)
  2 phantoms
  5 ogres
  A centaur (D:6)
  3 elf zombies (Ossuary)
  3 bullfrogs
  A scorpion (D:7)
  6 wights (D:6)
  2 crimson imps
  4 centaur zombies
  A bullfrog zombie (D:7)
  2 hounds
  3 orc priests
  A gnoll shaman (D:8)
  6 human zombies (Ossuary)
  A bullfrog skeleton (D:8)
  2 iguanas
  Ijyb (D:3)
  5 orc wizards
  A worker ant (D:5)
  2 hound zombies
  3 mummies (Ossuary)
  Robin (D:3)
  4 gnolls (D:8)
  6 adders
  A shadow imp (D:5)
  2 adder skeletons
  2 worms (D:2)
  A dart slug (D:1)
  A leopard gecko (D:7)
  25 orcs
  4 giant cockroaches
  A gnoll zombie (D:6)
  15 goblins
  10 hobgoblins
  6 jackals
  3 quokkas
  3 ball pythons
  5 bats
  A frilled lizard (D:3)
  7 kobolds
  A kobold zombie (D:6)
  2 quokka skeletons (D:5)
  6 rats
169 creatures vanquished.

Notes
Turn   | Place    | Note
-------+----------+-------------------------------------------
     0 | D:1      | Borgoz the Ghoul Fighter began the quest for the Orb.
     0 | D:1      | Reached XP level 1. HP: 19/19 MP: 0/0
    84 | D:1      | Reached XP level 2. HP: 24/26 MP: 1/1
   359 | D:1      | Reached skill level 1 in Dodging
   390 | D:1      | Reached XP level 3. HP: 30/31 MP: 2/2
  1194 | D:2      | Reached XP level 4. HP: 31/37 MP: 3/3
  1706 | D:4      | Noticed an ogre
  1709 | D:4      | Killed an ogre
  1709 | D:4      | Reached XP level 5. HP: 46/46 MP: 4/4
  1780 | D:4      | Noticed a two-headed ogre
  1785 | D:4      | Killed a two-headed ogre
  1785 | D:4      | Reached skill level 5 in Armour
  1785 | D:4      | Reached XP level 6. HP: 53/53 MP: 5/5
  1785 | D:4      | Reached XP level 7. HP: 60/60 MP: 6/6
  1843 | D:4      | Found a staircase to the Ecumenical Temple.
  1853 | Temple   | Entered the Ecumenical Temple
  2097 | Temple   | Became a worshipper of Kikubaaqudgha
  2152 | D:4      | Reached XP level 8. HP: 60/67 MP: 7/7
  2304 | D:3      | Noticed Ijyb
  2321 | D:3      | Killed Ijyb
  2652 | D:3      | Noticed Robin
  2659 | D:3      | Reached * piety under Kikubaaqudgha
  2659 | D:3      | Identified Kikubaaqudgha's Guide on Necromancy (Kikubaaqudgha gifted it to you on level 3 of the Dungeon)
  2659 | D:3      | Received a gift from Kikubaaqudgha
  2670 | D:3      | Killed Robin
  2706 | D:3      | Found a bloodstained altar of Trog.
  2716 | D:3      | Reached skill level 5 in Fighting
  2841 | D:4      | Found a stormy altar of Qazlal.
  2877 | D:4      | Found Fahufon's Magic Scroll Emporium.
  2881 | D:4      | Bought a scroll of identify for 20 gold pieces
  2881 | D:4      | Bought 2 scrolls of teleportation for 60 gold pieces
  2881 | D:4      | Bought a scroll of identify for 20 gold pieces
  2881 | D:4      | Bought a scroll of identify for 20 gold pieces
  2881 | D:4      | Bought a scroll of remove curse for 30 gold pieces
  2989 | D:4      | Found a sacrificial altar of Ru.
  3144 | D:5      | Entered Level 5 of the Dungeon
  3358 | D:5      | Found a deep blue altar of Sif Muna.
  3480 | D:5      | Found a basalt altar of Yredelemnul.
  3516 | D:5      | Found a shimmering altar of Xom.
  3522 | D:5      | Found a shimmering altar of Xom.
  3522 | D:5      | Found a shimmering altar of Xom.
  3523 | D:5      | Found a shimmering altar of Xom.
  3523 | D:5      | Found a shimmering altar of Xom.
  3523 | D:5      | Found a shimmering altar of Xom.
  3718 | D:5      | Found Iwimoxil's Assorted Antiques.
  4151 | D:6      | Found a sand-covered staircase.
  4167 | Ossuary  | Entered an ossuary
  4227 | Ossuary  | Reached ** piety under Kikubaaqudgha
  4227 | Ossuary  | Reached skill level 5 in Dodging
  4232 | Ossuary  | Reached skill level 5 in Unarmed Combat
  4469 | Ossuary  | Reached XP level 9. HP: 67/71 MP: 8/8
  5097 | D:6      | Reached skill level 5 in Shields
  5646 | D:6      | Found a snail-covered altar of Cheibriados.
  5709 | D:7      | Noticed azzavlup's ghost (novice DsAK)
  5998 | D:7      | Found an opulent altar of Gozag.
  6070 | D:7      | Killed azzavlup's ghost
  6242 | D:7      | Reached XP level 10. HP: 24/79 MP: 9/9
  6531 | D:7      | Reached *** piety under Kikubaaqudgha
  6531 | D:7      | Identified Kikubaaqudgha's Incunabulum of Evil (Kikubaaqudgha gifted it to you on level 7 of the Dungeon)
  6531 | D:7      | Received a gift from Kikubaaqudgha
  6842 | D:8      | Found a burning altar of Makhleb.
  7009 | D:8      | Noticed a two-headed ogre
  7318 | D:8      | Mangled by a two-headed ogre

Vault maps used:
D:1:      mrwooster_arrival_arrow
D:2:      first_ration
D:3:      trog_eyes_of_draining, uniq_ijyb, uniq_robin
D:4:      nicolae_ru_sacrificial_ziggurat, old_standard_altar,
          minmay_temple_entry_statues_fountains, serial_shops, shop
D:5:      tgw_sif, lemuel_crystal_altar, serial_shops, shop, xom_redecorated
D:6:      old_standard_altar, enter_ossuary_3, hangedman_decor_riveting,
          minmay_crystal_water
D:7:      kennysheep_mini
D:8:      nicolae_overflow_crystal_walls
Temple:   jpeg_temple_alley_garden
Ossuary:  ossuary_minmay_four_chambers

Skill      XL: |  1  2  3  4  5  6  7  8  9 10 |
---------------+-------------------------------+-----
Armour         | 3 5 6 7 |  7.6
Dodging        | 1 2 3 4 5 6 7 |  7.0
Shields        | 3 4 5 |  5.7
Unarmed Combat | 3 4 5 6 |  6.4
Fighting       | 4 5 6 |  6.8

Action                   |  1- 3 |  4- 6 |  7- 9 | 10-12 || total
-------------------------+-------+-------+-------+-------++-------
Melee: Unarmed           |   128 |    68 |   647 |   157 ||  1000
Evoke: Wand              |       |     5 |     2 |     4 ||    11
  Use: Scroll            |       |     3 |     9 |     3 ||    15
       Potion            |       |       |     2 |     3 ||     5
  Eat: Chunk             |     4 |     7 |    19 |    17 ||    47
Armor: Scale mail        |    42 |    26 |   147 |    32 ||   247
Dodge: Dodged            |    26 |    18 |   166 |    48 ||   258
Block: Shield            |    61 |    34 |   206 |    56 ||   357

Table legend:
 A = Spawn XP
 B = Non-spawn XP
 C = Spawn XP percentage of total XP
 D = Spawn monster count
 E = Non-spawn monster count
 F = Spawn count percentage of total count
 G = Total turns spent on level
                    A         B        C        D         E        F      G
               +---------+---------+-------+---------+---------+-------+---------
         Total |       0 |    5808 |   0.0 |       0 |     169 |   0.0 |  7318
               +---------+---------+-------+---------+---------+-------+---------
           D:1 |       0 |      36 |   0.0 |       0 |      21 |   0.0 |   496
           D:2 |       0 |      52 |   0.0 |       0 |      13 |   0.0 |   957
           D:3 |       0 |     346 |   0.0 |       0 |      39 |   0.0 |   856
           D:4 |       0 |    1119 |   0.0 |       0 |      11 |   0.0 |   565
           D:5 |       0 |     322 |   0.0 |       0 |      14 |   0.0 |   969
           D:6 |       0 |    1067 |   0.0 |       0 |      18 |   0.0 |  1179
           D:7 |       0 |    1349 |   0.0 |       0 |      21 |   0.0 |   729
           D:8 |       0 |     791 |   0.0 |       0 |      17 |   0.0 |   673
       Ossuary |       0 |     726 |   0.0 |       0 |      15 |   0.0 |   624
               +---------+---------+-------+---------+---------+-------+---------
